[ AOE2 MATCH · #495329414 ]
UnrankedTatars vs Poles
Player's team · WIN
Rival team · LOSS
[ REPLAY ANALYSIS · EXTRACTED FROM THE RECORDED GAME ]
Feudal
8:32
Castle
23:51
Imperial
38:23
| APM avg | 66.9 |
| APM peak | 97 |
| eAPM avg | 26.7 |
| Villagers / military | 116 / 91 |
Focus
⚔️ 39.4% · 🌾 60.6%
Cavalry Archer ×67 · Archer ×13 · Scout Cavalry ×6 · Spearman ×3 · Monk ×2
Feudal
9:18
Castle
21:32
Imperial
—
| APM avg | 55.3 |
| APM peak | 77 |
| eAPM avg | 34.1 |
| Villagers / military | 155 / 147 |
Focus
⚔️ 57.5% · 🌾 42.5%
Knight ×64 · Scout Cavalry ×55 · Scorpion ×9 · Archer ×6 · Spearman ×5 · Monk ×4
Match map
Initial resources + every placement click. Lines = walls · curves = elevation contours. ◆ gold · ⬟ stone · ● berries · ✦ relic · ◌ wall gap
Your base· ✓ Closed at 23:51 · 44t walls · 1 gate(s)
CORP_Leugim's base· Open — opponent sealed themselves in
Smoothed initial terrain · ◌ = detected wall gap · hover for details
Inputs per minute
— Shinwari - - CORP_Leugim
Build order — Shinwari
First 150 of 323 actions detected
| 0:01 | Create | Villager (Male) ×4 |
| 0:02 | Create | Villager (Male) ×4 |
| 0:02 | Build | House |
| 0:04 | Build | House |
| 1:27 | Create | Villager (Male) |
| 1:27 | Create | Villager (Male) |
| 1:51 | Create | Villager (Male) |
| 1:51 | Create | Villager (Male) |
| 1:51 | Create | Villager (Male) |
| 1:58 | Build | Lumber Camp |
| 2:23 | Create | Villager (Male) |
| 2:57 | Create | Villager (Male) |
| 2:57 | Create | Villager (Male) |
| 3:10 | Create | Villager (Male) |
| 3:10 | Create | Villager (Male) |
| 3:29 | Create | Villager (Male) |
| 3:29 | Create | Villager (Male) |
| 3:29 | Create | Villager (Male) |
| 3:55 | Build | House |
| 4:02 | Create | Villager (Male) |
| 4:14 | Create | Villager (Male) |
| 4:18 | Build | House |
| 4:31 | Build | Mill |
| 4:49 | Create | Villager (Male) |
| 5:15 | Create | Villager (Male) |
| 5:16 | Research | Loom |
| 5:16 | Research | Loom |
| 6:23 | Research | Feudal Age |
| 6:23 | Research | Feudal Age |
| 6:23 | Research | Feudal Age |
| 7:34 | Build | Barracks |
| 7:38 | Create | Villager (Male) |
| 8:32 | Age | Feudal Age |
| 8:35 | Research | Double-Bit Axe |
| 8:40 | Build | Stable |
| 8:47 | Build | House |
| 8:52 | Create | Villager (Male) |
| 9:06 | Create | Villager (Male) |
| 9:10 | Build | House |
| 9:21 | Build | Palisade Wall |
| 9:24 | Create | Scout Cavalry |
| 9:24 | Create | Scout Cavalry |
| 9:42 | Create | Villager (Male) |
| 9:56 | Build | Farm |
| 9:57 | Build | Farm |
| 10:04 | Create | Spearman |
| 10:07 | Build | House |
| 10:10 | Build | Palisade Wall |
| 10:11 | Build | Palisade Wall |
| 10:20 | Create | Villager (Male) |
| 10:37 | Build | Farm |
| 10:43 | Build | House |
| 10:44 | Build | Palisade Wall |
| 10:44 | Build | Palisade Wall |
| 10:51 | Build | Farm |
| 10:54 | Create | Villager (Male) |
| 11:08 | Create | Scout Cavalry |
| 11:25 | Build | Farm |
| 11:30 | Create | Villager (Male) |
| 11:30 | Create | Villager (Male) |
| 11:37 | Build | Palisade Wall |
| 11:39 | Create | Villager (Male) |
| 11:46 | Build | House |
| 11:48 | Build | Palisade Wall |
| 12:05 | Build | House |
| 12:14 | Create | Villager (Male) |
| 12:21 | Build | Palisade Wall |
| 12:22 | Build | Palisade Wall |
| 12:23 | Build | Palisade Wall |
| 12:34 | Create | Villager (Male) |
| 12:37 | Build | Archery Range |
| 12:58 | Create | Scout Cavalry |
| 13:00 | Create | Villager (Male) |
| 13:12 | Create | Villager (Male) |
| 13:22 | Build | Mining Camp |
| 13:26 | Build | Farm |
| 13:26 | Create | Villager (Male) |
| 13:29 | Build | Farm |
| 13:42 | Create | Archer |
| 13:43 | Create | Archer |
| 13:59 | Build | Palisade Gate |
| 14:07 | Create | Villager (Male) |
| 14:10 | Build | Farm |
| 14:17 | Build | Palisade Wall |
| 14:25 | Create | Villager (Male) |
| 14:29 | Create | Archer |
| 14:29 | Create | Archer |
| 14:39 | Build | Farm |
| 14:44 | Create | Archer |
| 14:58 | Create | Villager (Male) |
| 15:04 | Create | Archer |
| 15:13 | Build | Farm |
| 15:16 | Build | Farm |
| 15:26 | Create | Villager (Male) |
| 15:33 | Build | Blacksmith |
| 15:35 | Create | Scout Cavalry |
| 15:51 | Create | Archer |
| 15:51 | Create | Archer |
| 15:53 | Create | Villager (Male) |
| 16:10 | Create | Archer |
| 16:13 | Create | Scout Cavalry |
| 16:15 | Build | Farm |
| 16:17 | Build | House |
| 16:18 | Research | Fletching |
| 16:19 | Research | Fletching |
| 16:59 | Create | Archer |
| 17:00 | Create | Spearman |
| 17:01 | Create | Spearman |
| 17:04 | Create | Villager (Male) |
| 17:16 | Create | Villager (Male) |
| 17:21 | Create | Villager (Male) |
| 17:23 | Build | Farm |
| 17:24 | Build | Farm |
| 17:34 | Create | Villager (Male) |
| 17:41 | Create | Archer |
| 17:42 | Create | Villager (Male) |
| 17:48 | Build | Lumber Camp |
| 18:07 | Create | Villager (Male) |
| 18:26 | Create | Villager (Male) |
| 19:03 | Build | Market |
| 19:31 | Research | Wheelbarrow |
| 19:32 | Research | Wheelbarrow |
| 19:35 | Build | House |
| 19:36 | Build | House |
| 20:33 | Create | Villager (Male) |
| 21:08 | Research | Castle Age |
| 21:09 | Research | Castle Age |
| 21:14 | Create | Archer |
| 21:22 | Build | Archery Range |
| 21:25 | Build | Archery Range |
| 21:44 | Research | Padded Archer Armor |
| 21:44 | Research | Padded Archer Armor |
| 22:07 | Research | Bloodlines |
| 22:07 | Research | Bloodlines |
| 22:21 | Build | House |
| 22:21 | Build | House |
| 22:36 | Research | Horse Collar |
| 22:36 | Research | Horse Collar |
| 23:51 | Age | Castle Age |
| 23:54 | Create | Cavalry Archer |
| 23:54 | Create | Cavalry Archer |
| 23:55 | Research | Bodkin Arrow |
| 23:55 | Research | Bodkin Arrow |
| 23:57 | Create | Archer |
| 24:02 | Build | Town Center |
| 24:04 | Build | Stone Wall |
| 24:10 | Create | Villager (Male) |
| 24:13 | Create | Cavalry Archer |
| 24:15 | Build | House |
| 24:16 | Build | House |
Build order — CORP_Leugim
First 150 of 450 actions detected
| 0:01 | Create | Villager (Male) |
| 0:02 | Build | House |
| 0:03 | Build | House |
| 0:12 | Create | Villager (Male) |
| 0:13 | Create | Villager (Male) |
| 0:13 | Create | Villager (Male) |
| 1:27 | Create | Villager (Male) |
| 1:27 | Create | Villager (Male) |
| 1:28 | Create | Villager (Male) |
| 1:55 | Build | Lumber Camp |
| 2:03 | Create | Villager (Male) |
| 2:04 | Create | Villager (Male) |
| 2:21 | Create | Villager (Male) |
| 2:21 | Create | Villager (Male) |
| 2:22 | Create | Villager (Male) |
| 2:22 | Create | Villager (Male) |
| 2:22 | Create | Villager (Male) |
| 2:45 | Create | Villager (Male) |
| 2:45 | Create | Villager (Male) |
| 2:45 | Create | Villager (Male) |
| 3:04 | Create | Villager (Male) |
| 3:04 | Create | Villager (Male) |
| 3:05 | Create | Villager (Male) |
| 3:29 | Create | Villager (Male) |
| 3:29 | Create | Villager (Male) |
| 3:29 | Create | Villager (Male) |
| 3:54 | Build | House |
| 3:59 | Build | House |
| 4:03 | Create | Villager (Male) |
| 4:04 | Create | Villager (Male) |
| 4:04 | Create | Villager (Male) |
| 4:16 | Build | Mill |
| 4:29 | Create | Villager (Male) |
| 4:30 | Create | Villager (Male) |
| 4:54 | Create | Villager (Male) |
| 4:54 | Create | Villager (Male) |
| 4:54 | Create | Villager (Male) |
| 5:29 | Create | Villager (Male) |
| 5:29 | Create | Villager (Male) |
| 6:01 | Create | Villager (Male) |
| 6:01 | Research | Loom |
| 7:08 | Research | Feudal Age |
| 7:08 | Research | Feudal Age |
| 7:25 | Build | Barracks |
| 7:28 | Create | Villager (Male) |
| 7:54 | Build | Palisade Wall |
| 7:54 | Build | Palisade Wall |
| 7:55 | Build | Palisade Wall |
| 8:36 | Build | Lumber Camp |
| 9:07 | Build | Palisade Gate |
| 9:18 | Age | Feudal Age |
| 9:19 | Build | Stable |
| 9:19 | Create | Spearman |
| 9:27 | Research | Double-Bit Axe |
| 9:31 | Create | Villager (Male) |
| 9:40 | Build | Palisade Gate |
| 9:53 | Create | Villager (Male) |
| 10:06 | Create | Scout Cavalry |
| 10:06 | Create | Scout Cavalry |
| 10:06 | Create | Scout Cavalry |
| 10:09 | Build | Palisade Wall |
| 10:21 | Build | House |
| 10:22 | Build | Palisade Wall |
| 10:23 | Build | Palisade Wall |
| 10:24 | Build | Palisade Wall |
| 10:31 | Build | Farm |
| 10:37 | Create | Villager (Male) |
| 10:39 | Build | House |
| 10:43 | Research | Town Watch |
| 10:44 | Research | Town Watch |
| 10:47 | Build | House |
| 10:49 | Build | House |
| 10:59 | Build | Farm |
| 11:03 | Build | Palisade Wall |
| 11:03 | Build | Palisade Wall |
| 11:11 | Build | Farm |
| 11:12 | Build | Farm |
| 11:15 | Create | Villager (Male) |
| 11:15 | Create | Villager (Male) |
| 11:27 | Build | Palisade Wall |
| 11:29 | Create | Villager (Male) |
| 11:35 | Build | Farm |
| 11:39 | Create | Villager (Male) |
| 11:42 | Build | Farm |
| 11:52 | Create | Spearman |
| 12:08 | Create | Villager (Male) |
| 12:18 | Build | Mill |
| 12:19 | Build | Farm |
| 12:22 | Create | Villager (Male) |
| 12:34 | Create | Villager (Male) |
| 12:49 | Create | Villager (Male) |
| 12:57 | Build | Farm |
| 12:57 | Build | Farm |
| 12:57 | Build | Farm |
| 12:58 | Build | Farm |
| 13:10 | Build | House |
| 13:14 | Create | Scout Cavalry |
| 13:15 | Create | Scout Cavalry |
| 13:22 | Create | Villager (Male) |
| 13:26 | Build | Farm |
| 13:33 | Build | Farm |
| 13:41 | Build | Mill |
| 13:45 | Create | Villager (Male) |
| 13:53 | Create | Villager (Male) |
| 14:02 | Create | Scout Cavalry |
| 14:02 | Create | Scout Cavalry |
| 14:06 | Build | House |
| 14:07 | Build | Palisade Wall |
| 14:07 | Build | Palisade Wall |
| 14:16 | Create | Villager (Male) |
| 14:18 | Build | Farm |
| 14:21 | Build | Farm |
| 14:29 | Create | Villager (Male) |
| 14:32 | Build | Farm |
| 14:44 | Create | Villager (Male) |
| 14:48 | Build | Farm |
| 14:50 | Build | Farm |
| 15:02 | Build | Farm |
| 15:07 | Create | Villager (Male) |
| 15:32 | Build | Mining Camp |
| 15:50 | Create | Villager (Male) |
| 15:53 | Build | Palisade Wall |
| 15:54 | Build | Palisade Wall |
| 16:01 | Create | Villager (Male) |
| 16:05 | Build | Palisade Wall |
| 16:23 | Create | Villager (Male) |
| 16:29 | Build | Market |
| 16:32 | Create | Villager (Male) |
| 16:36 | Build | Farm |
| 16:40 | Build | House |
| 17:01 | Build | Archery Range |
| 17:37 | Create | Skirmisher |
| 17:38 | Create | Skirmisher |
| 17:57 | Create | Villager (Male) |
| 18:03 | Create | Skirmisher |
| 18:05 | Build | Blacksmith |
| 18:23 | Build | House |
| 18:24 | Build | Palisade Wall |
| 18:29 | Build | Palisade Wall |
| 18:31 | Create | Skirmisher |
| 18:33 | Build | Palisade Wall |
| 18:36 | Build | House |
| 18:39 | Build | Palisade Wall |
| 18:52 | Research | Castle Age |
| 19:15 | Research | Fletching |
| 19:22 | Build | Mill |
| 19:23 | Build | Farm |
| 19:23 | Build | Farm |
| 19:23 | Build | Farm |
| 19:24 | Build | Farm |
Match timeline
| 7:25 | CORP_Leugim · first_building Barracks |
| 7:34 | Shinwari · first_building Barracks |
| 7:54 | CORP_Leugim · wall_segment Palisade Wall x1 |
| 7:54 | CORP_Leugim · wall_segment Palisade Wall x1 |
| 7:55 | CORP_Leugim · wall_segment Palisade Wall x1 |
| 8:32 | Shinwari · age_up feudal |
| 8:40 | Shinwari · first_building Stable |
| 9:18 | CORP_Leugim · age_up feudal |
| 9:19 | CORP_Leugim · first_building Stable |
| 9:21 | Shinwari · wall_segment Palisade Wall x7 |
| 10:09 | CORP_Leugim · wall_segment Palisade Wall x4 |
| 10:10 | Shinwari · wall_segment Palisade Wall x6 |
| 10:11 | Shinwari · wall_segment Palisade Wall x1 |
| 10:22 | CORP_Leugim · wall_segment Palisade Wall x1 |
| 10:23 | CORP_Leugim · wall_segment Palisade Wall x1 |
| 10:24 | CORP_Leugim · wall_segment Palisade Wall x1 |
| 10:44 | Shinwari · wall_segment Palisade Wall x1 |
| 10:44 | Shinwari · wall_segment Palisade Wall x1 |
| 11:03 | CORP_Leugim · wall_segment Palisade Wall x1 |
| 11:03 | CORP_Leugim · wall_segment Palisade Wall x1 |
| 11:27 | CORP_Leugim · wall_segment Palisade Wall x5 |
| 11:37 | Shinwari · wall_segment Palisade Wall x12 |
| 11:48 | Shinwari · wall_segment Palisade Wall x14 |
| 12:21 | Shinwari · wall_segment Palisade Wall x1 |
| 12:22 | Shinwari · wall_segment Palisade Wall x1 |
| 12:23 | Shinwari · wall_segment Palisade Wall x1 |
| 12:37 | Shinwari · first_building Archery Range |
| 14:07 | CORP_Leugim · wall_segment Palisade Wall x8 |
| 14:07 | CORP_Leugim · wall_segment Palisade Wall x1 |
| 14:17 | Shinwari · wall_segment Palisade Wall x1 |
| 15:53 | CORP_Leugim · wall_segment Palisade Wall x1 |
| 15:54 | CORP_Leugim · wall_segment Palisade Wall x1 |
| 16:05 | CORP_Leugim · wall_segment Palisade Wall x4 |
| 17:01 | CORP_Leugim · first_building Archery Range |
| 18:24 | CORP_Leugim · wall_segment Palisade Wall x1 |
| 18:29 | CORP_Leugim · wall_segment Palisade Wall x1 |
| 18:33 | CORP_Leugim · wall_segment Palisade Wall x1 |
| 18:39 | CORP_Leugim · wall_segment Palisade Wall x1 |
| 21:06 | Shinwari · first_market_buy 100 food |
| 21:32 | CORP_Leugim · age_up castle |
| 21:41 | CORP_Leugim · wall_segment Palisade Wall x1 |
| 22:27 | CORP_Leugim · wall_segment Palisade Wall x1 |
| 22:30 | CORP_Leugim · wall_segment Palisade Wall x1 |
| 22:31 | CORP_Leugim · wall_segment Palisade Wall x1 |
| 22:55 | CORP_Leugim · wall_segment Palisade Wall x1 |
| 23:51 | Shinwari · age_up castle |
| 24:04 | Shinwari · wall_segment Stone Wall x1 |
| 24:43 | Shinwari · first_building Monastery |
| 29:46 | CORP_Leugim · first_building Monastery |
| 32:12 | CORP_Leugim · first_building Siege Workshop |
| 33:05 | Shinwari · first_building Castle |
| 33:08 | CORP_Leugim · first_market_buy 100 wood |
| 33:28 | Shinwari · wall_segment Stone Wall x9 |
| 33:29 | Shinwari · wall_segment Stone Wall x3 |
| 34:24 | Shinwari · wall_segment Stone Wall x1 |
| 34:33 | Shinwari · wall_segment Stone Wall x1 |
| 34:38 | Shinwari · first_market_sell 500 stone |
| 38:23 | Shinwari · age_up imperial |
| 38:33 | CORP_Leugim · resign |
[ AI ANALYSIS · 1 CREDIT ]
What really happened in this match?
Wolo.gg analyzes every decision: build order, eco, micro, common mistakes by bracket. Personalized analysis on WhatsApp or Discord in 30 seconds.
Civ guide
Tatars
Perfil
Jugador #722305